 Dungeon Crawl Stone Soup version 0.31-a0-868-g674d60d6f7 (webtiles) character file.

Game seed: 14157585818834919220

5075 Xavori the Covert (level 10, -1/68 HPs)
             Began as an Octopode Chaos Knight on Oct 12, 2023.
             Was a Plaything of Xom.
             Slain by a troll (7 damage)
             ... on level 9 of the Dungeon.
             The game lasted 00:12:08 (20764 turns).

Xavori the Covert (Octopode Chaos Knight)          Turns: 20764, Time: 00:12:08

Health: -1/68      AC:  1    Str:  8    XL:     10   Next: 56%
Magic:  10/10      EV: 17    Int: 14    God:    Xom [.....*]
Gold:   514        SH:  0    Dex: 26    Spells: 9/9 levels left

rFire   + . .        n - +1 rapier (flame)
rCold   + + .        (no shield)
rNeg    . . .        (helmet restricted)
rPois   +            (no amulet)
rElec   .            g - +4 ring of slaying
rCorr   +            j - +6 ring of dexterity
SInv    .            i - ring of protection from fire
Will    +....        y - ring of protection from cold
Stlth   ++++++       k - ring of Idealism {+Blink rCorr Str-3 Dex+3}
HPRegen 0.31/turn    (no ring)
MPRegen 0.12/turn    (no ring)
                     (no ring)

%: clarity
@: no status effects
A: almost no armour, amphibious, 8 rings, camouflage 1, gelatinous body 1,
(nimble swimmer 1), tentacles, tentacle spike 1, clarity, cold resistance 1,
strong-willed 1, poison resistance, screaming 1, evolution 1, MP-powered wands
a: Renounce Religion, Evoke Blink


You were on level 9 of the Dungeon.
You worshipped Xom.
You were Xom's teddy bear.
You visited 1 branch of the dungeon, and saw 11 of its levels.

You collected 514 gold pieces.

Inventory:

Hand Weapons
 a - a +0 short sword of chaos
 n - a +1 rapier of flaming (weapon)
Jewellery
 g - a +4 ring of slaying (left tentacle)
 i - a ring of protection from fire (on tentacle)
 j - a +6 ring of dexterity (right tentacle)
 k - the ring of Idealism (on tentacle) {+Blink rCorr Str-3 Dex+3}
   (You acquired it on level 6 of the Dungeon)

   [ring of resist corrosion]

   Str-3:     It affects your strength (-3).
   Dex+3:     It affects your dexterity (+3).
   +Blink:    It lets you blink.
   rCorr:     It protects you from acid and corrosion.
 y - a ring of protection from cold (on tentacle)
 E - an amulet of the acrobat
Talismans
 x - a blade talisman
Wands
 t - a wand of charming (20)
 B - a wand of mindburst (6)
 D - a wand of roots (13)
Scrolls
 b - a scroll of butterflies
 c - 2 scrolls of fog {unknown}
 d - 5 scrolls of vulnerability {unknown}
 e - 4 scrolls of revelation
 f - a scroll of identify
 p - 2 scrolls of silence {unknown}
 q - 2 scrolls of summoning {unknown}
 s - a scroll of poison
 A - 3 scrolls of noise
Potions
 h - 2 potions of haste {unknown}
 l - a potion of mutation {unknown}
 m - a potion of curing
 o - 2 potions of cancellation {unknown}
 r - 2 potions of enlightenment
 u - 3 potions of might {unknown}
 v - a potion of brilliance {unknown}
 w - 2 potions of invisibility {unknown}
 z - a potion of magic {unknown}
 C - a potion of attraction {unknown}


   Skills:
 + Level 6.0 Fighting
 + Level 9.4 Short Blades
 + Level 4.9 Dodging
 + Level 10.5 Stealth
 * Level 5.5 Evocations
 * Level 4.5 Shapeshifting


You had 9 spell levels left.
You didn't know any spells.
Your spell library contained the following spells:

 Spells                   Type           Power      Damage    Failure   Level
 Magic Dart               Conj           0%         1d3       28%         1
 Cigotuvi's Dreadful Rot  Necr/Pois/Air  0%         N/A       41%         2
 Searing Ray              Conj           0%         2d4       41%         2
 Ignite Poison            Fire/Tmut/Pois 0%         N/A       65%         3
 Inner Flame              Hex/Fire       0%         N/A       65%         3
 Fulminant Prism          Conj/Hex       0%         3d5       96%         4
 Freezing Cloud           Conj/Ice/Air   0%         6-21      100%        5
 Summon Forest            Summ/Tloc      0%         N/A       100%        5
 Yara's Violent Unravell  Hex/Tmut       0%         3d3       100%        5
 Eringya's Noxious Bog    Tmut/Pois      0%         4d6       100%        6
 Enfeeble                 Hex            0%         N/A       100%        7
 Summon Hydra             Summ           0%         N/A       100%        7


Dungeon Overview and Level Annotations

Branches:
Dungeon (11/15)            Temple (0/1) D:6
   Lair: D:8-11         Orc: D:9-12

Altars:
Cheibriados
Dithmenos
Gozag
Makhleb
Nemelex Xobeh
Okawaru
Vehumet
Wu Jian
Zin
The Shining One


Innate Abilities, Weirdness & Mutations

You cannot wear most types of armour.
You are amphibious.
You can wear up to eight rings at the same time.
Your skin changes colour to match your surroundings (Stealth+).
Your rubbery body absorbs attacks. (AC +1, EV +1)
((You are camouflaged when in or above water. (Stealth+)))
You have tentacles for arms and can constrict up to eight enemies at once.
One of your tentacles bears a spike.
You possess an exceptional clarity of mind.
Your flesh is cold resistant. (rC+)
You are strong-willed. (Will+)
Your system is resistant to poisons. (rPois)
You occasionally shout uncontrollably at your foes.
You have hidden genetic potential.
You expend magic power (3 MP) to strengthen your wands.


Message History

The orc hits you with a +0 short sword.
The gnoll sergeant hits you from afar with a +5 heavy spear!
The orc barely misses you.
The orc shouts!
There is an open door, spattered with blood here.
Items here: ( ))))))))))) [[[[[[[ ††††††.
Things that are here:
a +0 hand axe; a +0 leather armour; an orc corpse The orc attacks as it pursues you!
The orc hits you with a +0 short sword. The orc attacks as it pursues you!
The orc completely misses you. The orc attacks as it pursues you!
The orc barely misses you.
There is a stone staircase leading up here.
You climb upwards.
The troll shouts!
Found a stone staircase leading up.
There is a stone staircase leading down here.
You hit the orc. You burn the orc. You grab the orc.
The orc is moderately wounded.
You constrict the orc. The orc hits you with a +0 short sword.
You release your grip on the orc.
You puncture the orc! You burn the orc.
You kill the orc!
A gnoll comes into view. It is wielding a +0 club.
A gnoll comes into view. It is wielding a +0 club.
A gnoll sergeant and a gnoll come into view.
The gnoll is wielding a +0 club.
The gnoll shouts!
You hear a shout!
You barely miss the troll.
You pierce the troll.
Your squeeze misses the troll.
The troll is lightly wounded.
The gnoll throws a throwing net.
The throwing net closely misses you. The troll bites you!
* * * LOW HITPOINT WARNING * * *
You emit a cloud of colourful smoke!
The troll claws you!
You die... "Leave my teddy bear alone!"
Xom revives you! The troll claws you!
You die...
Xom chuckles heartily!

# #..#
#. #...
#.<##..#
#.T....#
#......#
#># #§#
#T# #@#
#§# #.#
#.# #..
.g. ..g.
....
#.g...


You could see a troll, a gnoll sergeant and a gnoll.

Vanquished Creatures
  2 two-headed ogres
  The ghost of lunkers the Insei, a novice MeSh (D:6)
  A shadow (D:8)
  A wyvern (D:8)
  A steam dragon (D:6)
  An acid dragon (D:8)
  A water moccasin (D:5)
  2 orc warriors
  A black bear (D:8)
  An ogre (D:5)
  4 sky beasts
  3 centaurs
  A phantom (D:5)
  5 kobold brigands
  3 bullfrogs
  A gnoll sergeant (D:7)
  4 scorpions
  3 wights (D:8)
  6 killer bees (D:8)
  2 jellies
  3 hounds (D:5)
  2 orc priests
  2 sleepcaps
  Jessica (D:3)
  6 iguanas
  An orc wizard (D:7)
  6 gnolls
  6 adders
  A shadow imp (D:7)
  A white imp (D:5)
  2 ufetubi
  A worm (D:4)
  2 dart slugs (D:1)
  26 orcs
  5 bats
  8 endoplasms
  3 giant cockroaches
  4 goblins
  7 hobgoblins
  7 quokkas
  4 ball pythons
  6 frilled lizards
  21 kobolds
  3 rats
172 creatures vanquished.

Vanquished Creatures (collateral kills)
  4 kobolds (D:7)
4 creatures vanquished.

Vanquished Creatures (others)
  A scorpion (D:3)
1 creature vanquished.

Grand Total: 177 creatures vanquished

Notes
Turn   | Place    | Note
-------+----------+-------------------------------------------
     0 | D:1      | Xavori the Octopode Chaos Knight began the quest for the
                  | Orb.
     0 | D:1      | Reached XP level 1. HP: 16/16 MP: 1/1
   133 | D:1      | Reached XP level 2. HP: 21/21 MP: 2/2
   458 | D:1      | Found a faded altar of an unknown god.
   477 | D:1      | Reached XP level 3. HP: 18/26 MP: 3/3
   677 | D:1      | XOM: divination: detect items
   739 | D:1      | XOM: silly message
   923 | D:1      | XOM: cloud trail
  2773 | D:1      | XOM: summons 2 hostile demons
  2971 | D:2      | XOM: 6-stop teleportation journey
  3029 | D:2      | XOM: 6-stop teleportation journey
  3037 | D:2      | Reached skill level 1 in Stealth
  3246 | D:2      | Found an ornate altar of the Wu Jian Council.
  3298 | D:2      | XOM: 3-stop teleportation journey
  3779 | D:1      | XOM: silly message
  3795 | D:1      | XOM: god gift: dagger {god gift}
  3905 | D:1      | XOM: cloud trail
  4204 | D:1      | XOM: give mutations
  4204 | D:1      | Gained mutation: You expend magic power (3 MP) to
                  | strengthen your wands. [Xom's grace]
  4204 | D:1      | Gained mutation: Your skin blends seamlessly with your
                  | surroundings (Stealth++). [Xom's grace]
  4204 | D:1      | Gained mutation: You are robust. (+10% HP) [Xom's grace]
  4217 | D:1      | XOM: give mutations
  4217 | D:1      | Lost mutation: Your skin blends seamlessly with your
                  | surroundings (Stealth++). [Xom's mischief]
  4217 | D:1      | Gained mutation: You are clumsy. (Dex -2) [Xom's mischief]
  4217 | D:1      | Lost mutation: You are robust. (+10% HP) [Xom's mischief]
  4583 | D:1      | XOM: god gift: 43 gold pieces
  4726 | D:1      | XOM: give mutations
  4726 | D:1      | Gained mutation: One of your tentacles bears a spike.
                  | [Xom's grace]
  4726 | D:1      | Gained mutation: You possess an exceptional clarity of
                  | mind. [Xom's grace]
  4726 | D:1      | Lost mutation: You are clumsy. (Dex -2) [Xom's grace]
  4726 | D:1      | Gained mutation: Your muscles are strong. (Str +4, Int/Dex
                  | -1) [Xom's grace]
  5615 | D:1      | XOM: noise
  6810 | D:1      | XOM is BORED!
  6810 | D:1      | XOM: noise
  6818 | D:1      | XOM: give mutations
  6818 | D:1      | Gained mutation: You occasionally shout uncontrollably at
                  | your foes. [Xom's mischief]
  6818 | D:1      | Gained mutation: You are dopey. (Int -2) [Xom's mischief]
  6818 | D:1      | Lost mutation: Your muscles are strong. (Str +4, Int/Dex
                  | -1) [Xom's mischief]
  6972 | D:1      | XOM: god gift: 56 gold pieces
  6987 | D:1      | XOM: cloud trail
  7751 | D:1      | XOM: cloud trail
  8041 | D:1      | XOM is BORED!
  8312 | D:1      | XOM: noise
  8315 | D:1      | XOM: summons 3 hostile shadow creatures
  8564 | D:2      | XOM: silly message
  9208 | D:1      | XOM: give mutations
  9208 | D:1      | Gained mutation: You are frail. (-10% HP) [Xom's mischief]
  9208 | D:1      | Lost mutation: One of your tentacles bears a spike. [Xom's
                  | mischief]
  9383 | D:1      | XOM: give mutations
  9383 | D:1      | Gained mutation: You passively map a small area around you.
                  | [Xom's mischief]
  9383 | D:1      | Lost mutation: You passively map a small area around you.
                  | [Xom's mischief]
  9852 | D:1      | XOM: silly message
  9869 | D:1      | XOM: torment (13/23 hp)
 10395 | D:1      | XOM is BORED!
 10395 | D:1      | XOM: noise
 10648 | D:3      | Found a snail-covered altar of Cheibriados.
 10650 | D:3      | Noticed Jessica
 10658 | D:3      | XOM: blink monster(s)
 10660 | D:3      | Reached skill level 2 in Stealth
 10660 | D:3      | Killed Jessica
 10661 | D:3      | Reached skill level 3 in Stealth
 10661 | D:3      | Reached XP level 4. HP: 18/28 MP: 4/4
 10740 | D:3      | Noticed a scorpion
 10745 | D:3      | Killed a scorpion
 10745 | D:3      | XOM: divine lightning
 11081 | D:4      | Found an opulent altar of Gozag.
 11081 | D:4      | Found a sparkling altar of Nemelex Xobeh.
 11090 | D:4      | Noticed a scorpion
 11095 | D:4      | Killed a scorpion
 11096 | D:4      | Reached skill level 4 in Stealth
 11096 | D:4      | Reached XP level 5. HP: 24/33 MP: 5/5
 11238 | D:4      | XOM: 2-stop teleportation journey
 11272 | D:4      | Reached skill level 5 in Stealth
 11279 | D:4      | Reached XP level 6. HP: 38/38 MP: 6/6
 11682 | D:5      | Entered Level 5 of the Dungeon
 12072 | D:4      | XOM is BORED!
 12072 | D:4      | XOM: give mutations
 12072 | D:4      | Lost mutation: You are dopey. (Int -2) [Xom's mischief]
 12072 | D:4      | Gained mutation: Your muscles are strong. (Str +4, Int/Dex
                  | -1) [Xom's mischief]
 12072 | D:4      | Lost mutation: You are frail. (-10% HP) [Xom's mischief]
 12072 | D:4      | Gained mutation: You do not regenerate when monsters are
                  | visible. [Xom's mischief]
 14025 | D:4      | XOM: divination: magic mapping
 14196 | D:4      | XOM: silly message
 14665 | D:4      | XOM is BORED!
 15214 | D:4      | XOM: stat loss: -1 Int (12/13)
 15338 | D:4      | XOM: scenery: summon butterflies
 16373 | D:4      | XOM: god gift: glowing purple potion {god gift}
 16406 | D:5      | Reached skill level 6 in Stealth
 16468 | D:5      | Reached XP level 7. HP: 33/48 MP: 7/7
 16497 | D:5      | Reached skill level 7 in Stealth
 16755 | D:5      | Found a glowing silver altar of Zin.
 16787 | D:5      | Reached skill level 5 in Short Blades
 17272 | D:6      | Noticed lunkers's ghost (novice MeSh)
 17272 | D:6      | Found a runed translucent door.
 17284 | D:6      | Found a radiant altar of Vehumet.
 17287 | D:6      | Found a shadowy altar of Dithmenos.
 17289 | D:6      | Found a burning altar of Makhleb.
 17290 | D:6      | Found an iron altar of Okawaru.
 17291 | D:6      | Found a glowing golden altar of the Shining One.
 17349 | D:6      | Noticed a two-headed ogre
 17356 | D:6      | Killed a two-headed ogre
 17357 | D:6      | Reached skill level 8 in Stealth
 17357 | D:6      | Reached skill level 1 in Shapeshifting
 17357 | D:6      | Reached XP level 8. HP: 54/54 MP: 8/8
 17418 | D:6      | XOM: smoke on damage
 17548 | D:6      | Found a staircase to the Ecumenical Temple.
 17667 | D:6      | Reached skill level 9 in Stealth
 17667 | D:6      | Reached XP level 9. HP: 46/60 MP: 9/9
 17833 | D:6      | XOM: noise
 17835 | D:6      | Reached skill level 5 in Fighting
 18216 | D:6      | Killed lunkers's ghost
 18390 | D:7      | XOM: noise
 18577 | D:6      | Identified a scroll of acquirement
 18578 | D:6      | Acquired the ring of Idealism {+Blink rCorr Str-3 Dex+3}
 18668 | D:7      | XOM: noise
 18829 | D:7      | HP: 3/61 [gnoll/+0 spear[a gnoll sergeant] (10)]
 19544 | D:7      | XOM: noise
 19554 | D:7      | XOM: give mutations
 19554 | D:7      | Lost mutation: Your muscles are strong. (Str +4, Int/Dex
                  | -1) [Xom's mischief]
 19554 | D:7      | Gained mutation: Your system is resistant to poisons.
                  | (rPois) [Xom's mischief]
 19567 | D:7      | XOM: give mutations
 19567 | D:7      | Lost mutation: You do not regenerate when monsters are
                  | visible. [Xom's mischief]
 19567 | D:7      | Gained mutation: Your flesh is cold resistant. (rC+) [Xom's
                  | mischief]
 19567 | D:7      | Gained mutation: You are frail. (-10% HP) [Xom's mischief]
 19642 | D:8      | Noticed a two-headed ogre
 19651 | D:8      | XOM: give mutations
 19651 | D:8      | Gained mutation: You are strong-willed. (Will+) [Xom's
                  | grace]
 19651 | D:8      | Gained mutation: You have hidden genetic potential. [Xom's
                  | grace]
 19651 | D:8      | Lost mutation: You are frail. (-10% HP) [Xom's grace]
 19652 | D:8      | Killed a two-headed ogre
 19653 | D:8      | Reached skill level 10 in Stealth
 19653 | D:8      | Reached XP level 10. HP: 25/68 MP: 10/10
 19672 | D:8      | XOM: cast spell 'Call Canine Familiar'
 19702 | D:7      | XOM: 1-stop teleportation journey
 19982 | D:8      | XOM: summons friendly ufetubus
 19995 | D:8      | Reached skill level 5 in Evocations
 20092 | D:8      | XOM: divination: magic mapping
 20382 | D:8      | XOM: god gift: 2 atropa-tipped darts
 20462 | D:8      | Gained mutation: One of your tentacles bears a spike.
                  | [hidden potential]
 20483 | D:8      | XOM: 2-stop teleportation journey
 20554 | D:8      | XOM: 2-stop teleportation journey
 20613 | D:8      | XOM: god gift: club {god gift}
 20657 | D:8      | You fall into a shaft and drop 3 floors!
 20664 | D:10     | Entered Level 10 of the Dungeon
 20713 | D:10     | XOM: 4-stop teleportation journey
 20726 | D:10     | XOM: noise
 20764 | D:9      | XOM: smoke on damage
 20764 | D:9      | Xom revived you
 20764 | D:9      | Slain by a troll

Illustrated notes

Levels and vault maps discovered:
D:1:      evilmike_arrival_plus, layout_basic,
          shapermc_ecumenical_altar_mp_ritualfount
D:2:      layout_loops_ring, basic_altar
D:3:      layout_rooms, mainiacjoe_overflow_concentric_impassable, uniq_jessica
D:4:      layout_gridville, grunt_temple_overflow_opulence
D:5:      kennysheep_six_static_rooms, layout_cave_pools,
          nicolae_overflow_hidden_temple, minmay_misc_feat_chi
D:6:      layout_loops_ring, minitemple, minmay_temple_entry_mist,
          hellmonk_ghost_happy_afterlife
D:7:      minmay_klotski, layout_cave_pools
D:8:      nzn_winding_woodlands_medium [nzn_winding_woodlands_hourglass,
          nzn_winding_woodlands_5x15_river_crossing,
          nzn_winding_woodlands_5x5_cross, nzn_winding_woodlands_5x5_three,
          nzn_winding_woodlands_center_pierced_h,
          nzn_winding_woodlands_5x5_closed_star,
          nzn_winding_woodlands_5x5_perimeter,
          nzn_winding_woodlands_5x15_concentric,
          nzn_winding_woodlands_5x5_default], layout_loops_ring,
          nicolae_elyvilon_temple_path, mainiacjoe_overflow_chevrons
D:9:      layout_long_grid, erik_lair_island, erik_orc_3, serial_shops,
          nicolae_shop_just_a_little_nook, serial_park_tiny_2
D:10:     layout_roguey [special_room_orc], kennysheep_dice
D:11:     nicolae_whirlpool, layout_small_grid, serial_undead, serial_undead_b,
          serial_undead_d, serial_undead_f, serial_undead_a, serial_undead_b,
          serial_undead_c, serial_shops, nicolae_shop_hallway_plus,
          hangedman_decor_peaks_small

Skill      XL: |  1  2  3  4  5  6  7  8  9 10 |
---------------+-------------------------------+-----
Stealth        | 3 4 5 6 8 9 10 | 10.5
Short Blades   | 4 6 7 8 9 |  9.4
Dodging        | 3 4 |  4.9
Fighting       | 4 5 6 |  6.0
Evocations     | 2 4 5 |  5.5
Shapeshifting  | 1 2 3 4 |  4.5

Action                     |  1- 3 |  4- 6 |  7- 9 | 10-12 || total
---------------------------+-------+-------+-------+-------++-------
  Melee: Short sword       |    61 |       |       |       ||    61
         Constrict         |    17 |    11 |    34 |    20 ||    82
         Tentacles         |    10 |     7 |    38 |    31 ||    86
         Rapier            |     3 |    44 |   139 |   116 ||   302
         Punch             |       |       |     3 |     3 ||     6
         Kick              |       |       |       |    15 ||    15
Ability: Evoke Blink       |       |       |       |     1 ||     1
  Evoke: Wand              |       |       |     1 |       ||     1
    Use: Potion            |       |     1 |     2 |     1 ||     4
         Scroll            |       |       |     8 |       ||     8
   Stab: Sleeping          |    12 |     6 |     8 |     2 ||    28
         Distracted        |       |       |       |     1 ||     1
 Armour: Skin              |    23 |    13 |    63 |    47 ||   146
  Dodge: Dodged            |    25 |    24 |    83 |    80 ||   212

Table legend: (Time is in decaauts)
 A = Elapsed time spent in this place.
 B = Non-inter-level travel time spent in this place.
 C = Inter-level travel time spent in this place.
 D = Time resting spent in this place.
 E = Time spent auto-exploring this place.
 F = Levels seen in this place.
 G = Mean time per level.
                   A        B        C        D        E       F      G
               +--------+--------+--------+--------+--------+-----+--------+
         Total |  20713 |  20569 |    144 |  15265 |   4167 |  11 | 1883.0 |
       Dungeon |  20713 |  20569 |    144 |  15265 |   4167 |  11 | 1883.0 |
               +--------+--------+--------+--------+--------+-----+--------+

Top non-repeatable levels by time:
     D:1: 9447 daAuts
     D:4: 5324 daAuts
     D:6: 1525 daAuts
     D:2: 1166 daAuts
     D:7: 972 daAuts
     D:5: 896 daAuts
     D:8: 853 daAuts
     D:3: 432 daAuts
    D:10: 81 daAuts
     D:9: 7 daAuts
    D:11: 6 daAuts
